 Dungeon Crawl Stone Soup version 0.26-a0-543-ge420d365 (webtiles) character file.

Game seed: 15797643866088492835

2088 DikBut the Covert (level 9, -2/53 HPs)
             Began as an Octopode Transmuter on Aug 18, 2020.
             Shot with an arrow by a centaur (9 damage)
             ... on level 6 of the Dungeon.
             The game lasted 00:43:07 (13542 turns).

DikBut the Covert (Octopode Transmuter)            Turns: 13542, Time: 00:43:07

Health: -2/53      AC:  1    Str:  9    XL:     9   Next: 27%
Magic:  13/15      EV: 16    Int: 15    God:
Gold:   374        SH:  0    Dex: 16    Spells: 7/16 levels left

rFire    . . .     SeeInvis +   a - +5 dagger
rCold    . . .     Faith    .   (no shield)
rNeg     . . .     Spirit   .   l - +0 hat
rPois    +         Reflect  .   (no amulet)
rElec    .         Harm     .   g - ring of poison resistance
rCorr    .                      p - ring of wizardry
MR       .....                  r - ring of see invisible
Stlth    +++++.....             (no ring)
HPRegen  0.17/turn              (no ring)
MPRegen  0.14/turn              (no ring)
                                (no ring)
                                (no ring)

@: no status effects
A: almost no armour, stealthy swim, amphibious, 8 rings, constrict 8, camouflage
1, gelatinous body 1
a: no special abilities


You were on level 6 of the Dungeon.
You visited 1 branch of the dungeon, and saw 6 of its levels.

You collected 374 gold pieces.

Inventory:

Hand Weapons
 a - a +5 dagger (weapon)
 k - a +3 dagger of flaming
Missiles
 c - a throwing net
 j - 48 poisoned darts (quivered)
Armour
 l - a +0 hat (worn)
Jewellery
 g - a ring of poison resistance (left tentacle)
 p - a ring of wizardry (right tentacle)
 r - a ring of see invisible (on tentacle)
 B - an uncursed ring of protection from fire
Wands
 d - a wand of digging (2)
Scrolls
 f - a scroll of random uselessness {unknown}
 i - 3 scrolls of enchant weapon {unknown}
 t - 9 scrolls of remove curse
 w - a scroll of magic mapping {unknown}
 x - a scroll of blinking {unknown}
 y - 2 scrolls of identify
 z - a scroll of brand weapon {unknown}
 A - a scroll of torment {unknown}
 C - a scroll of fear {unknown}
 D - a scroll of amnesia {unknown}
Potions
 b - 2 potions of mutation
 e - a potion of haste
 h - 5 potions of curing
 m - a potion of brilliance {unknown}
 n - a potion of ambrosia {unknown}
 o - a potion of degeneration {unknown}
 q - a potion of magic {unknown}
 s - a potion of invisibility {unknown}
 u - a potion of stabbing {unknown}
 v - a potion of flight {unknown}


   Skills:
 - Level 1.0 Fighting
 * Level 4.7 Dodging
 * Level 8.3 Stealth
 * Level 7.6 Unarmed Combat
 - Level 4.0 Spellcasting
 - Level 5.1 Transmutations


You had 7 spell levels left.
You knew the following spells:

 Your Spells              Type           Power        Failure   Level
a - Beastly Appendage     Tmut           ###...       1%          1
b - Spider Form           Tmut/Pois      ##........   8%          3
c - Blade Hands           Tmut           ###.......   24%         5

Your spell library contained the following spells:

 Spells                   Type           Power        Failure   Level
 Wereblood                Tmut           ###.....     1%          2
 Foxfire                  Conj/Fire      #...         8%          1
 Conjure Flame            Conj/Fire      #.......     21%         3
 Inner Flame              Hex/Fire       #.......     21%         3
 Ice Form                 Ice/Tmut       ##......     26%         4
 Sticky Flame             Conj/Fire      #.......     54%         4
 Fireball                 Conj/Fire      #.........   86%         5


Dungeon Overview and Level Annotations

Branches:
Dungeon (6/15)
 Temple: D:4-7

Altars:
Makhleb
Nemelex Xobeh
Okawaru
Qazlal
Uskayaw
Zin


Innate Abilities, Weirdness & Mutations

You cannot wear most types of armour.
You are very stealthy in the water. (Stealth+)
You are amphibious.
You can wear up to eight rings at the same time.
You can use your tentacles to constrict eight enemies at once.
Your skin changes colour to match your surroundings (Stealth+).
Your rubbery body absorbs attacks. (AC +1, EV +1)


Message History

Your +5 dagger unmelds from your body.
A centaur is nearby!
Things that are here:
a +0 leather armour; a +0 falchion
Things that are here:
5 stones; a cursed +0 plate armour; a +0 war axe You see here a stone.
The centaur shoots an arrow.
The arrow closely misses you.
You see here a stone.
The centaur shoots an arrow.
The arrow hits you!
* * * LOW HITPOINT WARNING * * *
You see here an arrow.
The centaur shoots an arrow.
The arrow barely misses you.
There is a stone staircase leading up, spattered with blood here.
Things that are here:
6 stones; 2 arrows The centaur shoots an arrow.
The arrow hits you.
* * * LOW HITPOINT WARNING * * *
The centaur shoots an arrow.
The arrow hits you!
You die...

.... .......(.(.(c.##..........
.... ........#####(............
... ................^........#
#.##################..........#
#.....#### ##........((
#####....## ####.......((.
####..# ###([c.(######## ##.#
###.((##..# #.####@((###..##
##...(..####..## # ###
#...#)### #..## # ..##
##.###..####.## ###### ...##
###..# ##.(..#(#######...)[
....###...##
####.(....(.((.###.
....#...#######.....##########
#. ......#####........## ##
.....##.......####.## ####


You could see a centaur.

Vanquished Creatures
  2 orc warriors (D:6)
  2 ice beasts (D:5)
  A sky beast (D:5)
  2 black bears (D:6)
  2 phantoms (D:6)
  An ogre (D:5)
  2 centaurs (D:6)
  2 bullfrogs (D:6)
  A bullfrog zombie (D:5)
  4 hounds
  4 orc priests
  Crazy Yiuf (D:5)
  Terence (D:2)
  A centaur skeleton (D:4)
  2 orc wizards
  A bullfrog skeleton (D:5)
  Ijyb (D:5)
  An iguana (D:5)
  5 worker ants
  A killer bee zombie (D:5)
  9 adders
  A gnoll (D:5)
  2 ufetubi
  An ooze (D:1)
  6 worms
  2 dart slugs (D:4)
  5 leopard geckos
  36 orcs
  4 giant cockroaches
  8 goblins
  10 hobgoblins
  13 jackals
  A quokka (D:3)
  5 bats
  4 frilled lizards
  10 kobolds
  A leopard gecko skeleton (D:4)
  A quokka zombie (D:6)
  7 rats
163 creatures vanquished.

Notes
Turn   | Place    | Note
-------+----------+-------------------------------------------
     0 | D:1      | DikBut the Octopode Transmuter began the quest for the Orb.
     0 | D:1      | Reached XP level 1. HP: 13/13 MP: 3/3
    40 | D:1      | Reached skill level 1 in Stealth
   217 | D:1      | Reached XP level 2. HP: 18/18 MP: 3/5
   221 | D:1      | Reached skill level 2 in Stealth
   827 | D:2      | Reached skill level 3 in Stealth
   827 | D:2      | Reached XP level 3. HP: 23/23 MP: 6/6
  1117 | D:2      | Found an iron altar of Okawaru.
  1437 | D:2      | Noticed Terence
  1696 | D:2      | Learned a level 3 spell: Spider Form
  1711 | D:2      | Killed Terence
  1711 | D:2      | Reached skill level 4 in Stealth
  1711 | D:2      | Reached XP level 4. HP: 14/28 MP: 4/7
  2510 | D:2      | Reached skill level 5 in Stealth
  2836 | D:3      | Reached XP level 5. HP: 28/33 MP: 6/8
  2867 | D:3      | Found a glowing drain.
  4918 | D:4      | Found a stormy altar of Qazlal.
  4924 | D:4      | Reached XP level 6. HP: 37/38 MP: 6/10
  4950 | D:4      | Learned a level 5 spell: Blade Hands
  6944 | D:4      | Reached XP level 7. HP: 23/43 MP: 8/13
  7313 | D:5      | Entered Level 5 of the Dungeon
  7345 | D:5      | Reached skill level 5 in Transmutations
  8247 | D:5      | Noticed Ijyb
  8261 | D:5      | Killed Ijyb
  8699 | D:5      | Found a runed translucent door.
  8700 | D:5      | Noticed Crazy Yiuf
  8744 | D:5      | Killed Crazy Yiuf
  8803 | D:5      | Reached skill level 6 in Stealth
  8908 | D:5      | Reached XP level 8. HP: 32/48 MP: 8/14
  9042 | D:5      | Reached skill level 5 in Unarmed Combat
 10838 | D:6      | Noticed a troll
 11223 | D:6      | Reached skill level 7 in Stealth
 12301 | D:6      | Reached XP level 9. HP: 43/53 MP: 10/15
 12523 | D:6      | Reached skill level 8 in Stealth
 13240 | D:6      | Found a hide-covered altar of Uskayaw.
 13240 | D:6      | Found a sparkling altar of Nemelex Xobeh.
 13260 | D:6      | Found a burning altar of Makhleb.
 13263 | D:6      | Found a glowing silver altar of Zin.
 13264 | D:6      | Noticed an angel
 13265 | D:6      | Noticed a blizzard demon
 13542 | D:6      | Shot with an arrow by a centaur

Illustrated notes

Levels and vault maps discovered:
D:1:      grunt_arrival_crossed_arrows, layout_rooms,
          minmay_misc_feat_more_columns
D:2:      cheibrodos_helix_gallery, layout_rooms, okawaru_altar_gauntlet_db,
          uniq_terence
D:3:      layout_basic, portal_sewer_entry_f
D:4:      layout_basic, old_standard_altar, chequers_serial_rivers_small_a,
          kennysheep_generic_room_14
D:5:      layout_loops_ring, grunt_ministairs_11,
          chequers_serial_rivers_small_3, minmay_misc_feat_four_crosses,
          cheibrodos_gnoll_hut, uniq_crazy_yiuf_cottage, uniq_ijyb
D:6:      layout_rooms, grunt_temple_overflow_order_and_chaos_2,
          gammafunk_temple_overflow_wave, hangedman_decor_push,
          minmay_misc_feat_chi

Skill      XL: |  1  2  3  4  5  6  7  8  9 |
---------------+----------------------------+-----
Stealth        | 1 3 4 5 6 7 8 |  8.3
Transmutations | 3 4 5 |  5.1
Spellcasting   | 3 4 |  4.0
Unarmed Combat | 4 7 |  7.6
Dodging        | 3 4 |  4.7
Fighting       | |  1.0

Action                   |  1- 3 |  4- 6 |  7- 9 || total
-------------------------+-------+-------+-------++-------
Melee: Unarmed           |    82 |   193 |   159 ||   434
       Tentacles         |    10 |    31 |    25 ||    66
       Constrict         |    21 |    39 |    24 ||    84
       Kick              |    12 |    15 |    19 ||    46
       Punch             |     1 |     4 |     6 ||    11
       Dagger            |       |       |    40 ||    40
Throw: Dart              |       |       |     7 ||     7
 Cast: Beastly Appendage |     7 |    11 |    12 ||    30
       Spider Form       |     1 |     5 |       ||     6
       Blade Hands       |       |     5 |    25 ||    30
  Use: Scroll            |       |     5 |     1 ||     6
       Potion            |       |     1 |     5 ||     6
 Stab: Sleeping          |     5 |    13 |     9 ||    27
       Distracted        |       |     1 |       ||     1
Armor: Skin              |    16 |    24 |    12 ||    52
Dodge: Dodged            |    45 |   118 |   106 ||   269

Table legend: (Time is in decaauts)
 A = Elapsed time spent in this place.
 B = Non-inter-level travel time spent in this place.
 C = Inter-level travel time spent in this place.
 D = Time resting spent in this place.
 E = Time spent auto-exploring this place.
 F = Levels seen in this place.
 G = Mean time per level.
                   A        B        C        D        E       F      G
               +--------+--------+--------+--------+--------+-----+--------+
         Total |  13473 |  13073 |    400 |   7651 |   2660 |   6 | 2245.5 |
       Dungeon |  13473 |  13073 |    400 |   7651 |   2660 |   6 | 2245.5 |
               +--------+--------+--------+--------+--------+-----+--------+

Top non-repeatable levels by time:
     D:5: 3704 daAuts
     D:4: 2864 daAuts
     D:6: 2108 daAuts
     D:3: 2060 daAuts
     D:2: 1913 daAuts
     D:1: 822 daAuts
